 Dungeon Crawl Stone Soup version 0.30-a0-782-ge64f9170bb (webtiles) character file.

Game seed: 7027624688195637755

296 mopl the Trooper (level 6, -3/38 HPs)
             Began as a Gargoyle Fighter on Mar 12, 2023.
             Slain by a mummy (15 damage)
             ... in an ossuary.
             The game lasted 00:03:06 (2059 turns).

mopl the Trooper (Gargoyle Fighter)                 Turns: 2059, Time: 00:03:06

Health: -3/38      AC: 12    Str: 19    XL:     6   Next: 35%
Magic:  6/6        EV:  9    Int:  9    God:
Gold:   50         SH:  4    Dex: 11    Spells: 5/5 levels left

rFire   + . .      SeeInvis .    a - +0 flail
rCold   . . .      Faith    .    c - +0 buckler
rNeg    + . .      Spirit   .    j - +1 scale mail {rF+}
rPois   ∞          Reflect  .    (no helmet)
rElec   +          Harm     .    (no cloak)
rCorr   .          Rampage  .    (no gloves)
Will    .....                    (no boots) Stlth
                                 (no amulet)
HPRegen 0.26/turn                (no ring)
MPRegen 0.10/turn                (no ring)

@: no status effects
A: sickness immunity, AC +4, negative energy resistance 1, electricity
resistance, torment resistance 1, petrification resistance
a: no special abilities


You were in an ossuary.
You visited 1 branch of the dungeon, and saw 4 of its levels.
You also visited: Ossuary.

You collected 50 gold pieces.

Inventory:

Hand Weapons
 a - a +0 flail (weapon)
Missiles
 k - 6 atropa-tipped darts (quivered)
 r - 6 boomerangs
Armour
 c - a +0 buckler (worn)
 j - a +1 scale mail of fire resistance (worn)
 s - a +0 plate armour
Jewellery
 q - a ring of ice
Wands
 p - a wand of mindburst (14)
Scrolls
 b - a scroll of enchant armour {unknown}
 e - 3 scrolls of identify {unknown}
 f - 3 scrolls of teleportation {unknown}
 g - a scroll of blinking {unknown}
 i - a scroll of summoning {unknown}
 n - a scroll of enchant weapon {unknown}
Potions
 d - a potion of might
 h - a potion of lignification {unknown}
 l - a potion of ambrosia {unknown}
 m - 2 potions of degeneration
 o - 2 potions of attraction {unknown}


   Skills:
 + Level 4.3 Fighting
 * Level 4.0 Maces & Flails
 + Level 1.3 Throwing
 + Level 4.2 Armour
 + Level 1.6 Dodging
 - Level 3.2 Shields
 + Level 1.4 Evocations


You had 5 spell levels left.
You didn't know any spells.
Your spell library was empty.

Dungeon Overview and Level Annotations

Branches:
Dungeon (4/15)            Ossuary (1/1)
 Temple: D:4-7

Altars:

Shops:
D:3 [

Annotations:
D:3 Robin


Innate Abilities, Weirdness & Mutations

You are immune to sickness and miasma.
Your stone body is resilient. (AC +4)
You are immune to poison.
You resist negative energy. (rN+)
You are resistant to electric shocks. (rElec)
You are resistant to unholy torment.
You are immune to petrification.


Message History

The mummy hits you.
You thump the mummy!
The mummy is heavily damaged.
The kobold zombie barely misses you. The mummy hits you!
You are too injured to fight recklessly!
You are too injured to fight recklessly!
You are too injured to fight recklessly!
You are too injured to fight recklessly!
You are too injured to fight recklessly!
You are too injured to fight recklessly!
You are too injured to fight recklessly!
You are too injured to fight recklessly!
You are too injured to fight recklessly!
You are too injured to fight recklessly!
You are too injured to fight recklessly!
You are too injured to fight recklessly!
You are too injured to fight recklessly!
You thump the kobold zombie!
You destroy the kobold zombie!
The mummy hits you but does no damage.
You hit the mummy.
The mummy is severely damaged.
The mummy hits you but does no damage. You block the mummy's attack.
You hit the mummy.
The mummy is severely damaged.
The mummy hits you but does no damage. The mummy closely misses you.
You hit the mummy.
The mummy is almost destroyed.
You block the mummy's attack. The mummy closely misses you.
You completely miss the mummy.
The mummy is almost destroyed.
The sentinel's mark upon you fades away.
The mummy hits you but does no damage.
A mummy comes into view.
The mummy hits you.
* * * LOW HITPOINT WARNING * * *
You thump the mummy!
You destroy the mummy!
You block the mummy's attack. The mummy hits you!
You die...

#### ## ?.? .. .!!
!. #.# #. ###.#
###+### #. #.'.##
##.....## ##.
#@M###.......###..
+.MM#.........#^..
#...'....⌠^...'...
+..^#.........#...
#..###.......###..
+.## ##.....## ##.
#.# ###'### #. #.#
#.# #. !! ##.## !?


You could see 3 mummies.

Vanquished Creatures
  A black bear (D:4)
  A scorpion (D:4)
  A human zombie (Ossuary)
  3 mummies (Ossuary)
  2 gnolls
  5 worms
  6 dart slugs
  6 endoplasms
  5 giant cockroaches
  3 hobgoblins
  3 jackals (D:2)
  A quokka (D:4)
  6 ball pythons
  2 bats (D:1)
  A frilled lizard (D:1)
  2 goblins
  A goblin zombie (Ossuary)
  4 kobolds
  A kobold zombie (Ossuary)
  2 orc zombies (Ossuary)
  2 rats
58 creatures vanquished.

Notes
Turn   | Place    | Note
-------+----------+-------------------------------------------
     0 | D:1      | mopl the Gargoyle Fighter began the quest for the Orb.
     0 | D:1      | Reached XP level 1. HP: 14/14 MP: 1/1
    74 | D:1      | Reached XP level 2. HP: 19/19 MP: 2/2
   220 | D:1      | Found a faded altar of an unknown god.
   718 | D:2      | Reached XP level 3. HP: 23/23 MP: 3/3
  1348 | D:3      | Reached skill level 1 in Dodging
  1396 | D:3      | Reached skill level 3 in Maces & Flails
  1425 | D:3      | Reached XP level 4. HP: 28/29 MP: 4/4
  1492 | D:3      | Noticed Robin
  1521 | D:3      | Found Koq Giok's Armour Shoppe.
  1769 | D:4      | Noticed a black bear
  1789 | D:4      | Killed a black bear
  1790 | D:4      | Reached skill level 4 in Fighting
  1790 | D:4      | Reached skill level 4 in Armour
  1790 | D:4      | Reached skill level 1 in Evocations
  1790 | D:4      | Reached XP level 5. HP: 14/33 MP: 5/5
  1860 | D:4      | Reached skill level 1 in Throwing
  1891 | D:4      | Reached XP level 6. HP: 27/38 MP: 6/6
  1916 | D:4      | Found a sand-covered staircase.
  1923 | Ossuary  | Entered an ossuary
  1983 | Ossuary  | Reached skill level 4 in Maces & Flails
  2059 | Ossuary  | Slain by a mummy

Illustrated notes

Levels and vault maps discovered:
D:1:      nzn_arrival_depleted_hourglass, layout_basic,
          ebering_ecumenical_altar_rust
D:2:      layout_rooms, serial_aquarium, aquarium_bridge_square
          [aquarium_subvault_wall, aquarium_subvault_wall,
          aquarium_subvault_bridge, aquarium_subvault_bridge],
          aquarium_bridge_square [aquarium_subvault_window,
          aquarium_subvault_wall, aquarium_subvault_bridge,
          aquarium_subvault_balcony], aquarium_window_double, aquarium_window_1,
          aquarium_window_fake, aquarium_window_fake, aquarium_view_2g,
          aquarium_view_2f, aquarium_balcony_5b, minmay_misc_feat_roman,
          grunt_decor_junction
D:3:      layout_loops_ring, serial_shops, nicolae_shop_window_shopping,
          uniq_robin, uniq_grinder
D:4:      layout_basic, enter_ossuary_1, minmay_ruptured
Ossuary:  ossuary_crypta

Skill      XL: |  1  2  3  4  5  6 |
---------------+-------------------+-----
Dodging        | 1 |  1.6
Maces & Flails | 3 4 |  4.0
Fighting       | 4 |  4.3
Armour         | 4 |  4.2
Evocations     | 1 |  1.4
Throwing       | 1 |  1.3
Shields        | |  3.2

Action                     |  1- 3 |  4- 6 || total
---------------------------+-------+-------++-------
  Melee: Flail             |   125 |   117 ||   242
  Evoke: Wand              |       |     2 ||     2
 Armour: Scale mail        |    66 |    53 ||   119
  Dodge: Dodged            |    53 |    37 ||    90
  Block: Buckler           |    28 |    20 ||    48

Table legend: (Time is in decaauts)
 A = Elapsed time spent in this place.
 B = Non-inter-level travel time spent in this place.
 C = Inter-level travel time spent in this place.
 D = Time resting spent in this place.
 E = Time spent auto-exploring this place.
 F = Levels seen in this place.
 G = Mean time per level.
                   A        B        C        D        E       F      G
               +--------+--------+--------+--------+--------+-----+--------+
         Total |   2129 |   2076 |     53 |     52 |   1303 |   5 |  425.8 |
       Dungeon |   1980 |   1927 |     53 |     24 |   1292 |   4 |  495.0 |
       Ossuary |    148 |    148 |      0 |     28 |     11 |   1 |  148.0 |
               +--------+--------+--------+--------+--------+-----+--------+

Top non-repeatable levels by time:
     D:1: 675 daAuts
     D:2: 624 daAuts
     D:3: 461 daAuts
     D:4: 218 daAuts
 Ossuary: 148 daAuts
